 Dungeon Crawl Stone Soup version 0.30-a0-465-g8901f6c8b5 (webtiles) character file.

Game seed: 16694380071061424730

94 Mitcholas the Chopper (level 4, -5/41 HPs)
             Began as a Hill Orc Monk on Dec 18, 2022.
             Succumbed to an orc wizard's poison
             ... on level 3 of the Dungeon.
             The game lasted 00:03:36 (1570 turns).

Mitcholas the Chopper (Hill Orc Monk)               Turns: 1570, Time: 00:03:37

Health: -5/41      AC:  8    Str: 13 (15) XL:     4   Next: 63%
Magic:  4/4        EV:  6    Int:  9 (10) God:
Gold:   27         SH:  0    Dex: 10 (13) Spells: 3/3 levels left

rFire   . . .      SeeInvis .    a - +0 hand axe
rCold   . . .      Faith    .    i - orb {light}
rNeg    . . .      Spirit   .    b - +0 chain mail
rPois   .          Reflect  .    (no helmet)
rElec   .          Harm     .    (no cloak)
rCorr   .          Rampage  .    (no gloves)
Will    .....                    (no boots)
Stlth   ..........               (no amulet)
HPRegen 0.26/turn                (no ring)
MPRegen 0.09/turn                (no ring)

@: lethally poisoned (-5 -> -33), glowing
A: no striking features
a: no special abilities


You were on level 3 of the Dungeon.
You visited 1 branch of the dungeon, and saw 3 of its levels.

You collected 27 gold pieces.

Inventory:

Hand Weapons
 a - a +0 hand axe (weapon)
Missiles
 j - 6 poisoned darts (quivered)
Armour
 b - a +0 chain mail (worn)
 i - an orb of light (worn)
Jewellery
 k - an amulet of regeneration
Scrolls
 d - a scroll of vulnerability {unknown}
 e - a scroll of magic mapping {unknown}
 h - a scroll of poison {unknown}
 m - a scroll of identify {unknown}
 n - a scroll of teleportation {unknown}
 r - a scroll of blinking {unknown}
Potions
 c - 2 potions of ambrosia
 f - a potion of magic {unknown}
 g - a potion of mutation {unknown}
 l - 2 potions of berserk rage {unknown}
 o - a potion of curing {unknown}
 p - a potion of haste {unknown}
 q - a potion of heal wounds {unknown}
 s - a potion of degeneration


   Skills:
 + Level 4.4 Fighting
 * Level 5.7 Axes
 + Level 1.9 Armour
 - Level 2.4 Dodging
 - Level 1.5 Stealth


You had 3 spell levels left.
You didn't know any spells.
Your spell library contained the following spells:

 Spells                   Type           Power      Damage    Failure   Level
 Sublimation of Blood     Necr           0%         N/A       100%        2
 Wereblood                Tmut           0%         N/A       100%        2
 Ignite Poison            Fire/Tmut/Pois 0%         N/A       100%        3
 Kindle Blastsparks       Fire/Tloc/Air  0%         2d10      100%        3
 Freezing Cloud           Conj/Ice/Air   0%         6-21      100%        5
 Summon Hydra             Summ           0%         N/A       100%        7


Dungeon Overview and Level Annotations

Branches:
Dungeon (3/15)

Altars:

Shops:
D:1 ?


Message History

You feel sick. The orc wizard casts a spell at you.
You resist with some effort.
The orc wizard gestures at you while chanting.
The magic dart hits you.
Unknown command.
You feel sick.
The orc wizard hits you but does no damage.
You are more poisoned.
The orc wizard barely misses you.
There is a stone staircase leading up, spattered with blood here.
You closely miss the orc wizard.
The orc wizard is heavily wounded.
You closely miss the orc wizard.
You feel very sick.
The orc wizard hits you with a +2 dagger of venom.
* * * LOW HITPOINT WARNING * * *
You are more poisoned.
The orc wizard hits you but does no damage.
You bump into the rock wall.
* * * LOW HITPOINT WARNING * * *
You feel very sick.
The orc wizard hits you but does no damage.
You are more poisoned.
The orc wizard hits you but does no damage.
Unknown command.
Unknown command.
You closely miss the orc wizard.
The orc wizard is heavily wounded.
You hit the orc wizard.
* * * LOW HITPOINT WARNING * * *
You feel very sick.
The orc wizard hits you but does no damage.
You are more poisoned.
The orc wizard hits you but does no damage.
It was a potion of degeneration.
There was something very wrong with that liquid.
You feel weakened.
You feel dopey.
You feel clumsy.
You feel less confused.
You die...

#. ##(####
# ##......
#.#......#
#........#
#........#
#.....)).#
#...o@.#
####o###
#K .. ...
##.. ##.
.#


You could see 2 orc wizards and a kobold.

Vanquished Creatures
  4 adders (D:2)
  2 dart slugs
  2 orcs (D:3)
  11 ball pythons
  7 endoplasms
  3 giant cockroaches (D:1)
  3 goblins
  4 hobgoblins
  3 kobolds
  A quokka (D:2)
  4 bats
  A frilled lizard (D:2)
  5 rats
50 creatures vanquished.

Vanquished Creatures (others)
  5 withered plants (D:2)
5 creatures vanquished.

Grand Total: 55 creatures vanquished

Notes
Turn   | Place    | Note
-------+----------+-------------------------------------------
     0 | D:1      | Mitcholas the Hill Orc Monk began the quest for the Orb.
     0 | D:1      | Reached XP level 1. HP: 19/19 MP: 1/1
    69 | D:1      | Reached XP level 2. HP: 21/27 MP: 2/2
   311 | D:1      | Found Miereneho's Magic Scroll Boutique.
   322 | D:1      | Reached skill level 1 in Armour
   481 | D:1      | Reached XP level 3. HP: 32/33 MP: 3/3
   745 | D:2      | Reached skill level 5 in Axes
  1013 | D:2      | Found a faded altar of an unknown god.
  1024 | D:2      | Reached XP level 4. HP: 37/40 MP: 4/4
  1569 | D:3      | HP: 1/41 [poisoned by an orc wizard]
  1570 | D:3      | Succumbed to an orc wizard's poison

Illustrated notes

Levels and vault maps discovered:
D:1:      minmay_arrival_jagged, layout_loops_ring, serial_shops,
          nicolae_shop_trees
D:2:      layout_loops_ring, ebering_ecumenical_altar_petrified, serial_glass,
          glass_columns_b, glass_columns_a
D:3:      minmay_door_path, layout_loops_corners, mainiacjoe_overflow_catwalk,
          mainiacjoe_overflow_paths, portal_sewer_entry_e

Skill      XL: |  1  2  3 |
---------------+----------+-----
Armour         | 1 |  1.9
Fighting       | 4 |  4.4
Axes           | 5 |  5.7
Dodging        | |  2.4
Stealth        | |  1.5

Action                   |  1- 3 |  4- 6 || total
-------------------------+-------+-------++-------
Melee: Hand axe          |   128 |    40 ||   168
       Punch             |     3 |       ||     3
  Use: Potion            |       |     1 ||     1
 Stab: Sleeping          |     1 |       ||     1
Armor: Robe              |     5 |       ||     5
       Chain mail        |    49 |    28 ||    77
       Leather armour    |     3 |       ||     3
Dodge: Dodged            |    61 |    14 ||    75

Table legend: (Time is in decaauts)
 A = Elapsed time spent in this place.
 B = Non-inter-level travel time spent in this place.
 C = Inter-level travel time spent in this place.
 D = Time resting spent in this place.
 E = Time spent auto-exploring this place.
 F = Levels seen in this place.
 G = Mean time per level.
                   A        B        C        D        E       F      G
               +--------+--------+--------+--------+--------+-----+--------+
         Total |   1578 |   1512 |     66 |     71 |   1000 |   3 |  526.0 |
       Dungeon |   1578 |   1512 |     66 |     71 |   1000 |   3 |  526.0 |
               +--------+--------+--------+--------+--------+-----+--------+

Top non-repeatable levels by time:
     D:2: 832 daAuts
     D:1: 733 daAuts
     D:3: 12 daAuts
